 Dungeon Crawl Stone Soup version 0.27-a0-931-g5a74e75d8f (webtiles) character file.

Game seed: 10599169138148427350

229 mhtbhm the Digger (level 6, -1/35 HPs)
             Began as a Gargoyle Earth Elementalist on Apr 10, 2021.
             Slain by an iguana (7 damage)
             ... on level 4 of the Dungeon.
             The game lasted 00:06:37 (4321 turns).

mhtbhm the Digger (Gargoyle Earth Elementalist)     Turns: 4321, Time: 00:06:38

Health: -1/35      AC:  7    Str: 12    XL:     6   Next: 3%
Magic:  7/10       EV: 12    Int: 17    God:
Gold:   207        SH:  0    Dex: 10    Spells: 4/10 levels left

rFire    . . .     SeeInvis .   a - +0 whip
rCold    . . .     Faith    .   (no shield)
rNeg     + + .     Spirit   .   c - +0 robe
rPois    ∞         Reflect  .   d - +0 helmet
rElec    +         Harm     .   (no cloak)
rCorr    .         Rampage  .   (no gloves)
Will     .....                  (no boots)
Stlth    ++........             (no amulet)
HPRegen  0.11/turn              i - ring of positive energy
MPRegen  0.12/turn              g - ring of flight

@: flying
A: AC +4, negative energy resistance 1, electricity resistance, torment
resistance 1, unbreathing 1, petrification resistance
a: no special abilities


You were on level 4 of the Dungeon.
You visited 1 branch of the dungeon, and saw 4 of its levels.

You collected 207 gold pieces.

Inventory:

Hand Weapons
 a - a +0 whip (weapon)
Missiles
 b - 18 stones (quivered)
Armour
 c - a +0 robe (worn)
 d - a +0 helmet (worn)
Jewellery
 g - a ring of flight (right hand)
 i - a ring of positive energy (left hand)
Scrolls
 f - a scroll of vulnerability {unknown}
 j - a scroll of magic mapping
 k - a scroll of noise {unknown}
 l - a scroll of enchant armour {unknown}
Potions
 e - a potion of attraction {unknown}
 h - a potion of curing


   Skills:
 + Level 1.8 Fighting
 + Level 1.6 Maces & Flails
 + Level 2.7 Dodging
 - Level 2.6 Stealth
 + Level 2.9 Spellcasting
 + Level 0.7 Transmutations
 + Level 5.1 Earth Magic


You had 4 spell levels left.
You knew the following spells:

 Your Spells              Type           Power      Damage    Failure   Level
a - Sandblast             Erth           40%        2d10      1%          1
b - Passwall              Tmut/Erth      10%        N/A       8%          2
c - Stone Arrow           Conj/Erth      22%        3d8       19%         3

Your spell library contained the following spells:

 Spells                   Type           Power      Damage    Failure   Level
 Petrify                  Tmut/Erth      12%        N/A       45%         4
 Lee's Rapid Deconstruct  Erth           10%        3d9*      50%         5


Dungeon Overview and Level Annotations

Branches:
Dungeon (4/15)
 Temple: D:4-7

Altars:
Ru
Zin

Shops:
D:2 [


Innate Abilities, Weirdness & Mutations

Your stone body is resilient. (AC +4)
You are immune to poison.
You resist negative energy. (rN+)
You are resistant to electric shocks. (rElec)
You are resistant to unholy torment.
You can survive without breathing.
You are immune to petrification.


Message History

The iguana barely misses you.
You hit the iguana but do no damage.
The iguana is heavily wounded.
The iguana bites you.
You are too injured to fight recklessly!
You are too injured to fight recklessly!
You are too injured to fight recklessly!
You are too injured to fight recklessly!
You are too injured to fight recklessly!
You are too injured to fight recklessly!
You are too injured to fight recklessly!
Casting: Sandblast (safe; 1% risk of failure)
Confirm with . or Enter, or press ? or * to list all spells.
Aiming: Sandblast (safe; 1% risk of failure)
Press: ? - help, Shift-Dir - straight line, f - iguana
Aim: an iguana (heavily wounded, 17% to evade)
The blast of sand hits the iguana.
The iguana is heavily wounded.
b - 20 stones The iguana closely misses you.
Casting: Sandblast (safe; 1% risk of failure)
Confirm with . or Enter, or press ? or * to list all spells.
Aiming: Sandblast (safe; 1% risk of failure)
Press: ? - help, Shift-Dir - straight line, f/p - iguana
Aim: an iguana (heavily wounded, 17% to evade)
The blast of sand hits the iguana but does no damage.
The iguana is heavily wounded.
b - 19 stones The iguana bites you!
* * * LOW HITPOINT WARNING * * *
Casting: Sandblast (safe; 1% risk of failure)
Confirm with . or Enter, or press ? or * to list all spells.
Aiming: Sandblast (safe; 1% risk of failure)
Press: ? - help, Shift-Dir - straight line, f/p - iguana
Aim: an iguana (heavily wounded, 17% to evade)
The blast of sand hits the iguana but does no damage.
The iguana is heavily wounded.
b - 18 stones The iguana bites you!
You die...

**,,,,,***,,,***,,,,,**,,,,,**,**
,,,,,,**,+*,*+,**,,...,,,,,,,,,,,
***,,**,,,*,*,,,*#...,,,,,****,**
***,,*,,,**,**,,,#..#**,####,*,*
*,,,,*,,**,,,**,,#..# *....,,*,*
*,**,****,,,,,####..# *..###.*,*
,,,,,,,,,,.,,,,.....###(.....,,*
***,,*****#.####..#......###.****
**,,* #.....@l#*#........,,,,
**,* #.......# #.#..###.****
*,****#.####..###.#,....,****
*,**,..,,,,#.$...<#,,....,,,,
*,*#.#*,**,#.####.#***###****
*,*#,*,,,*,#..,,..#
*,,,,,,_,,,...*####
**,*,*,,,*.##.# *,*,**,**.**.#


You could see an iguana.

Vanquished Creatures
  A hound (D:4)
  Ijyb (D:3)
  Terence (D:2)
  Jessica (D:2)
  Robin (D:3)
  An adder (D:2)
  A worm (D:2)
  4 dart slugs
  2 orcs (D:3)
  8 ball pythons
  4 bats
  6 endoplasms
  23 goblins
  9 hobgoblins
  6 jackals
  7 kobolds
  A quokka (D:1)
  2 frilled lizards
  2 rats
81 creatures vanquished.

Notes
Turn   | Place    | Note
-------+----------+-------------------------------------------
     0 | D:1      | mhtbhm the Gargoyle Earth Elementalist began the quest for
                  | the Orb.
     0 | D:1      | Reached XP level 1. HP: 10/10 MP: 3/3
   265 | D:1      | Reached skill level 4 in Earth Magic
   279 | D:1      | Reached XP level 2. HP: 8/15 MP: 1/5
   282 | D:1      | Learned a level 2 spell: Passwall
   897 | D:1      | Reached XP level 3. HP: 19/19 MP: 6/6
   901 | D:1      | Learned a level 3 spell: Stone Arrow
  1461 | D:2      | Found Konor's Antique Armour Emporium.
  1493 | D:2      | Noticed Terence
  1504 | D:2      | Killed Terence
  1505 | D:2      | Reached XP level 4. HP: 17/24 MP: 0/7
  1595 | D:2      | Noticed Jessica
  1602 | D:2      | Killed Jessica
  1706 | D:2      | Found a faded altar of an unknown god.
  2171 | D:2      | Reached skill level 1 in Maces & Flails
  2590 | D:2      | Reached XP level 5. HP: 28/28 MP: 9/9
  2710 | D:3      | Noticed Robin
  2998 | D:3      | Killed Robin
  3173 | D:3      | Noticed Ijyb
  3276 | D:3      | Killed Ijyb
  3277 | D:3      | Reached skill level 1 in Fighting
  3783 | D:3      | Found a sacrificial altar of Ru.
  4095 | D:3      | Noticed a centaur
  4118 | D:3      | Found a glowing silver altar of Zin.
  4262 | D:4      | Reached skill level 5 in Earth Magic
  4262 | D:4      | Reached XP level 6. HP: 31/35 MP: 7/10
  4321 | D:4      | Slain by an iguana

Illustrated notes

Levels and vault maps discovered:
D:1:      scummos_arrival_simple_crosswalls, layout_loops_cross
D:2:      layout_loops_cross, ebering_ecumenical_altar_ruins, serial_shops,
          shop_coins, item_on_display_a, uniq_jessica, uniq_terence
D:3:      kennysheep_the_goblin_king, layout_basic, nicolae_ru_awakened_eye,
          zin_scriptorium, interstate_on_off, lightli_corner_chamber, uniq_ijyb,
          uniq_robin
D:4:      cheibrodos_barr_body, layout_basic, nicolae_overflow_crystal_walls,
          portal_sewer_entry_f

Skill      XL: |  1  2  3  4  5 |
---------------+----------------+-----
Earth Magic    | 4 5 |  5.1
Dodging        | 2 |  2.7
Maces & Flails | 1 |  1.6
Fighting       | 1 |  1.8
Stealth        | |  2.6
Spellcasting   | |  2.9
Transmutations | |  0.7

Action                   |  1- 3 |  4- 6 || total
-------------------------+-------+-------++-------
Melee: Unarmed           |    37 |       ||    37
       Whip              |    23 |   181 ||   204
Throw: Throwing net      |     1 |     1 ||     2
 Cast: Sandblast         |    24 |    34 ||    58
       Passwall          |       |     2 ||     2
       Stone Arrow       |       |     2 ||     2
  Use: Potion            |     1 |     1 ||     2
       Scroll            |       |     3 ||     3
 Stab: Sleeping          |     3 |     4 ||     7
Armor: Robe              |    22 |    62 ||    84
Dodge: Dodged            |    45 |   140 ||   185

Table legend: (Time is in decaauts)
 A = Elapsed time spent in this place.
 B = Non-inter-level travel time spent in this place.
 C = Inter-level travel time spent in this place.
 D = Time resting spent in this place.
 E = Time spent auto-exploring this place.
 F = Levels seen in this place.
 G = Mean time per level.
                   A        B        C        D        E       F      G
               +--------+--------+--------+--------+--------+-----+--------+
         Total |   4330 |   4282 |     48 |    596 |   2871 |   4 | 1082.5 |
       Dungeon |   4330 |   4282 |     48 |    596 |   2871 |   4 | 1082.5 |
               +--------+--------+--------+--------+--------+-----+--------+

Top non-repeatable levels by time:
     D:2: 1496 daAuts
     D:3: 1396 daAuts
     D:1: 1365 daAuts
     D:4: 72 daAuts
